AoeStats
← AL. EviL DeEdZ

Arena

509683095Analyzed
4v4 RM · 6d ago on Sep 27, 2026· 78m 38s· 8 players
Game mode
Random Map
Map size
Large (8 player)
Population
200
Speed
Normal
Resources
Standard
Victory
Conquest
Starting age
Dark Age
Ending age
Imperial Age
RankedLock teamsTeams togetherTeam positionsShared explorationLock speedFull tech treeHidden civsTurbo modeCheats
Victory
Defeat
🇮🇳 Cumans · India
1457
+11
🇮🇳 Britons · India
1378
+14
1242
+19
🇮🇳 Hindustanis · India
1119
+23
🇨🇳 Hindustanis · China
1372
-19
🇺🇸 Khmer · United States
1354
-18
🇷🇺 Vietnamese · Russia
1296
-16
🇨🇴 Bengalis · Colombia
1255
-14
胖过
10:01 Feudal Age
13:36 Castle Age
11:40 Double-Bit Axe
12:25 Horse Collar
14:56 Bow Saw
19:22 Stone Mining
21:06 Wheelbarrow
20:31 Gold Mining
22:36 Gold Shaft Mining
22:07 Loom
24:33 Hand Cart
27:55 Imperial Age
26:32 Grand Trunk Road
27:02 Husbandry
27:12 Bloodlines
27:12 Scale Barding Armor
27:18 Forging
27:12 Heavy Plow
28:19 Heavy Camel Rider
29:32 Chain Barding Armor
33:47 Chemistry
33:17 Ballistics
33:15 Imperial Camel Rider
34:56 Plate Barding Armor
34:57 Iron Casting
34:13 Fletching
36:49 Conscription
37:07 Elite Skirmisher
38:46 Masonry
38:32 Bodkin Arrow
38:38 Padded Archer Armor
39:39 Blast Furnace
39:29 Shatagni
40:20 Imperial Skirmisher
43:35 Bracer
43:51 Leather Archer Armor
53:22 Light Cavalry
75:01 Ring Archer Armor
75:34 Hussar
whitewidow52
10:17 Feudal Age
13:34 Castle Age
11:46 Double-Bit Axe
12:05 Horse Collar
16:36 Wheelbarrow
16:26 Heavy Plow
28:35 Imperial Age
25:51 Loom
26:24 Scale Barding Armor
26:58 Hand Cart
26:30 Loom
27:32 Bloodlines
27:23 Husbandry
27:21 Gold Mining
28:46 Chain Barding Armor
28:37 Forging
29:24 Light Cavalry
29:52 Cavalier
31:26 Plate Barding Armor
31:27 Iron Casting
31:21 Heavy Scorpion
31:29 Hussar
34:58 Blast Furnace
34:11 Double Crossbow
38:02 Siege Engineers
38:08 Fortified Wall
39:00 Chemistry
38:10 Fortified Wall
38:14 Masonry
38:26 Ballistics
50:17 Elite Battle Elephant
51:59 Conscription
61:19 Capped Ram
62:14 Siege Ram
Dr. Consuegra
10:24 Feudal Age
14:24 Castle Age
12:13 Double-Bit Axe
12:52 Gold Mining
13:31 Horse Collar
15:12 Loom
17:06 Bow Saw
20:18 Atonement
28:03 Sanctity
27:55 Fervor
69:33 Wheelbarrow
77:39 Fletching
77:52 Padded Archer Armor
Pandareeen
5:03 Loom
10:33 Feudal Age
11:06 Double-Bit Axe
11:03 Horse Collar
17:22 Castle Age
16:04 Gold Mining
16:04 Stone Mining
18:54 Bow Saw
21:47 Fletching
21:55 Crossbowman
22:36 Bodkin Arrow
25:11 Wheelbarrow
25:45 Hand Cart
28:04 Thumb Ring
30:00 Town Watch
30:19 Heavy Plow
32:11 Town Patrol
35:23 Imperial Age
33:58 Padded Archer Armor
34:48 Chatras
35:36 Scale Barding Armor
35:47 Leather Archer Armor
37:08 Arbalester
37:50 Bracer
38:48 Stone Shaft Mining
39:11 Crop Rotation
39:43 Two-Man Saw
40:01 Guilds
39:37 Pikeman
41:55 Chemistry
41:15 Ballistics
41:01 Siege Engineers
48:12 Paper Money
48:16 Treadmill Crane
49:11 Ring Archer Armor
49:01 Chain Barding Armor
48:52 Forging
53:56 Elite Battle Elephant
54:46 Bloodlines
54:37 Husbandry
60:19 Elite Skirmisher
61:19 Imperial Skirmisher
64:43 Scale Mail Armor
66:31 Chain Mail Armor
66:52 Iron Casting
65:46 Halberdier
66:28 Squires
70:05 Plate Mail Armor
75:15 Masonry
[T41] Indian War Lord
10:59 Feudal Age
15:47 Castle Age
13:53 Double-Bit Axe
13:45 Man-at-Arms
14:31 Horse Collar
15:01 Long Swordsman
16:19 Two-Handed Swordsman
16:44 Gambesons
21:25 Loom
23:03 Forging
22:43 Gambesons
23:30 Arson
24:01 Scale Mail Armor
25:44 Wheelbarrow
27:47 Iron Casting
27:34 Bow Saw
29:19 Loom
30:47 Chain Mail Armor
30:35 Gold Mining
33:10 Hand Cart
35:48 Imperial Age
34:20 Champion
37:43 Blast Furnace
36:32 Capped Ram
38:24 Gold Shaft Mining
41:01 Onager
44:40 Pikeman
45:20 Squires
45:40 Caravan
46:29 Guilds
45:52 Halberdier
48:00 Plate Mail Armor
47:21 Fletching
47:32 Padded Archer Armor
48:42 Crossbowman
53:14 Elite Skirmisher
53:37 Arbalester
55:39 Bodkin Arrow
56:31 Leather Archer Armor
57:12 Bracer
57:35 Ballistics
58:28 Chemistry
60:33 Ring Archer Armor
Sanskari Ladka
10:51 Feudal Age
14:27 Castle Age
12:21 Double-Bit Axe
15:38 Bow Saw
20:21 Fletching
21:59 Loom
23:03 Bodkin Arrow
24:52 Padded Archer Armor
26:13 Horse Collar
28:51 Ballistics
32:48 Imperial Age
32:46 Leather Archer Armor
32:32 Scale Mail Armor
32:43 Forging
33:19 Wheelbarrow
33:40 Bracer
34:49 Chemistry
35:50 Pikeman
36:15 Gambesons
36:30 Squires
35:57 Elite Longbowman
38:08 Yeomen
38:08 Conscription
37:11 Pikeman
37:37 Gambesons
39:47 Siege Engineers
41:03 Warwolf
57:31 Caravan
59:21 Hand Cart
60:07 Two-Man Saw
59:08 Heavy Plow
60:01 Halberdier
60:45 Scale Mail Armor
66:57 Guilds
66:58 Fortified Wall
66:59 Masonry
66:47 Murder Holes
68:35 Ring Archer Armor
68:21 Chain Mail Armor
68:16 Forging
76:04 Light Cavalry
76:44 Husbandry
77:16 Plate Mail Armor
77:21 Iron Casting
76:52 Scale Barding Armor
MahaDeV
10:20 Feudal Age
15:04 Castle Age
14:05 Double-Bit Axe
14:02 Horse Collar
16:44 Wheelbarrow
18:45 Loom
30:15 Imperial Age
27:41 Stone Mining
27:42 Gold Mining
27:43 Fletching
28:05 Bow Saw
27:57 Heavy Plow
28:26 Bloodlines
28:22 Husbandry
29:39 Hand Cart
29:35 Scale Barding Armor
29:41 Forging
29:42 Town Watch
31:01 Gold Shaft Mining
30:28 Scale Mail Armor
31:21 Conscription
30:50 Heavy Camel Rider
32:59 Chain Barding Armor
34:43 Plate Barding Armor
35:58 Chemistry
35:15 Chain Mail Armor
37:23 Iron Casting
37:14 Imperial Camel Rider
37:52 Bodkin Arrow
43:12 Light Cavalry
43:48 Pikeman
44:29 Squires
45:22 Hussar
47:04 Blast Furnace
46:37 Elite Skirmisher
50:36 Fortified Wall
50:47 Ballistics
50:31 Padded Archer Armor
52:48 Two-Man Saw
52:08 Leather Archer Armor
52:12 Caravan
56:37 Hoardings
57:36 Ring Archer Armor
60:18 Grand Trunk Road
AL. EviL DeEdZ
8:41 Feudal Age
10:26 Double-Bit Axe
10:23 Horse Collar
20:06 Castle Age
18:43 Gold Mining
19:52 Bloodlines
19:49 Scale Barding Armor
19:54 Forging
21:09 Forging
20:51 Light Cavalry
22:51 Bow Saw
27:02 Wheelbarrow
26:29 Heavy Plow
26:15 Loom
28:49 Chain Barding Armor
29:04 Iron Casting
32:59 Imperial Age
32:10 Iron Casting
32:07 Scale Mail Armor
31:30 Pikeman
32:10 Squires
31:55 Arson
32:53 Hand Cart
32:23 Town Watch
33:06 Halberdier
34:04 Chain Mail Armor
35:40 Blast Furnace
34:37 Cavalier
36:29 Hussar
38:45 Conscription
39:30 Plate Barding Armor
41:01 Paladin
43:06 Hussar
55:07 Caravan
59:44 Two-Man Saw
69:34 Man-at-Arms
Connection lost

Rejoining the realm…

Still unreachable

The connection could not be restored.

Session expired

The server has moved on; the page needs a fresh start.